[Event "11th LCC Super Blitz 2019"]
[Site "London"]
[Date "2019.12.08"]
[Round "7.6"]
[White "Willow, Jonah B"]
[Black "Saidmurodov, Shahjahon"]
[Result "1-0"]
[ECO "C46"]
[WhiteElo "2355"]
[BlackElo "1812"]
[Annotator "NA"]
[PlyCount "149"]
[EventDate "2019.12.08"]
[EventType "swiss"]
[EventCountry "ENG"]
[SourceTitle "playchess.com"]
[Source "ChessBase"]
[SourceQuality "1"]
[TimeControl "180+2"]

1. e4 e5 2. Nf3 Nc6 3. Nc3 Bc5 4. Nxe5 Bxf2+ 5. Kxf2 Nxe5 6. d4 Ng6 7. Bc4 d6 8. Rf1 Nf6 9. Kg1 Be6 10. Bd3 c6 11. Bg5 Qd7 12. Bxf6 gxf6 13. d5 Bg4 14. Qe1 Ne5 15. Qh4 Rg8 16. Kh1 O-O-O 17. h3 h5 18. hxg4 hxg4 19. Kg1 Rh8 20. Qg3 Rdg8 21. Be2 Qd8 22. Kf2 Qb6+ 23. Ke1 Qxb2 24. Kd2 cxd5 25. exd5 Re8 26. Rab1 Qa3 27. Rb3 Qc5 28. Qf2 Qa5 29. Qd4 Nd7 30. Qc4+ Kb8 31. Qb5 Qxb5 32. Nxb5 Nc5 33. Re3 Rxe3 34. Kxe3 Re8+ 35. Kd2 Ne4+ 36. Kc1 a6 37. Nd4 g3 38. Bf3 Ng5 39. Kd2 Re5 40. c4 Kc7 41. Kd3 f5 42. Be2 Kd7 43. Rxf5 Rxf5 44. Nxf5 Nh7 45. Bg4 Nf6 46. Bf3 Kc7 47. Nxg3 b5 48. Ne4 Nd7 49. cxb5 Ne5+ 50. Kd4 axb5 51. Nc3 Kb6 52. Be2 b4 53. Ne4 Kc7 54. Ng5 f5 55. Ne6+ Kd7 56. Ng7 f4 57. Ne6 Ke7 58. Nxf4 Kd7 59. g4 Ke7 60. g5 Kf7 61. Bh5+ Ke7 62. Ng6+ Nxg6 63. Bxg6 b3 64. axb3 Kf8 65. b4 Ke7 66. b5 Kd8 67. Bf7 Kd7 68. g6 Ke7 69. b6 Kf8 70. b7 Kg7 71. b8=Q Kh6 72. Qh8+ Kg5 73. g7 Kf5 74. g8=Q Kf4 75. Qf6# 1-0

[Event "11th LCC Super Blitz 2019"]
[Site "London"]
[Date "2019.12.08"]
[Round "7.6"]
[White "Ozturan, Cem"]
[Black "Zulfic, Fedja"]
[Result "1-0"]
[ECO "B13"]
[WhiteElo "1853"]
[BlackElo "2032"]
[Annotator "NA"]
[PlyCount "95"]
[EventDate "2019.12.08"]
[EventType "swiss"]
[EventCountry "ENG"]
[SourceTitle "playchess.com"]
[Source "ChessBase"]
[SourceQuality "1"]
[TimeControl "180+2"]

1. d4 d5 2. Nc3 Nf6 3. Bf4 c5 4. e3 cxd4 5. exd4 Bf5 6. Qd2 e6 7. a3 Be7 8. f3 Nc6 9. g4 Bg6 10. h4 h5 11. g5 Nd7 12. Bd3 Bxd3 13. Qxd3 g6 14. Nb5 Rc8 15. Nd6+ Bxd6 16. Bxd6 Nb6 17. Bc5 Na4 18. b3 Nxc5 19. dxc5 Qe7 20. b4 a5 21. c3 Qc7 22. Kf2 Qf4 23. Ne2 Qe5 24. Nd4 axb4 25. axb4 Nxd4 26. cxd4 Qf4 27. Qe3 Qc7 28. b5 O-O 29. b6 Qc6 30. Ra7 Rfe8 31. Qe5 Ra8 32. Rha1 Rac8 33. Kg3 Red8 34. R1a5 Re8 35. Qd6 Qxd6+ 36. cxd6 Red8 37. Rxb7 Rxd6 38. Raa7 Rf8 39. Kf4 Rc6 40. Ke5 Kg7 41. Re7 Rxb6 42. f4 Kg8 43. Kf6 Rb4 44. Rxf7 Rxf7+ 45. Rxf7 Rxd4 46. Kxg6 Rd3 47. Re7 Re3 48. Re8# 1-0

[Event "11th LCC Super Blitz 2019"]
[Site "London"]
[Date "2019.12.08"]
[Round "7.7"]
[White "Pappelis, Dimitrios"]
[Black "Brass, Ezra"]
[Result "0-1"]
[ECO "C00"]
[WhiteElo "2160"]
[BlackElo "1628"]
[Annotator "NA"]
[PlyCount "108"]
[EventDate "2019.12.08"]
[EventType "swiss"]
[EventCountry "ENG"]
[SourceTitle "playchess.com"]
[Source "ChessBase"]
[SourceQuality "1"]
[TimeControl "180+2"]

1. Nf3 d5 2. g3 c5 3. Bg2 e6 4. O-O Nf6 5. d3 Nc6 6. Nbd2 Be7 7. e4 dxe4 8. dxe4 O-O 9. c3 b6 10. Qc2 Ba6 11. Re1 Bd3 12. Qa4 b5 13. Qd1 c4 14. e5 Nd5 15. Nf1 Qb6 16. Ne3 Rfd8 17. Nxd5 Rxd5 18. Be3 Bc5 19. Qc1 Bxe3 20. Rxe3 Rad8 21. Re1 Qc7 22. Qf4 b4 23. h4 bxc3 24. bxc3 Qa5 25. Ng5 R8d7 26. Rab1 h6 27. Bxd5 Qxd5 28. Nf3 Bxb1 29. Rxb1 Qd3 30. Rb5 Qe2 31. Rb1 Qxa2 32. Rf1 Qb3 33. Qe4 Rc7 34. Qe3 Na5 35. Nd2 Qc2 36. Ne4 Nb3 37. Nd6 Qd3 38. Qf4 Qxc3 39. Rd1 Qc2 40. Re1 c3 41. Qf3 Nd4 42. Qa8+ Kh7 43. Qe8 Nf3+ 44. Kf1 Qd3+ 45. Re2 Qd1+ 46. Kg2 Qxe2 47. Nxf7 Nxe5 48. Qh8+ Kg6 49. h5+ Kxh5 50. Qxg7 Qe4+ 51. Kh2 Ng4+ 52. Kg1 Qe1+ 53. Kg2 Qxf2+ 54. Kh1 Qf1# 0-1

[Event "11th LCC Super Blitz 2019"]
[Site "London"]
[Date "2019.12.08"]
[Round "7.7"]
[White "Balaji, Aaravamudhan"]
[Black "Zhao, Haolin"]
[Result "1-0"]
[ECO "D00"]
[WhiteElo "2120"]
[BlackElo "1725"]
[Annotator "NA"]
[PlyCount "73"]
[EventDate "2019.12.08"]
[EventType "swiss"]
[EventCountry "ENG"]
[SourceTitle "playchess.com"]
[Source "ChessBase"]
[SourceQuality "1"]
[TimeControl "180+2"]

1. d4 d5 2. Nc3 Nf6 3. Bf4 c6 4. e3 Bf5 5. Nf3 e6 6. Ne5 Nbd7 7. g4 Bg6 8. h4 Bb4 9. h5 Be4 10. f3 Qa5 11. fxe4 Nxe5 12. Bxe5 Nxe4 13. Rc1 f6 14. Bh2 Bxc3+ 15. bxc3 Qxc3+ 16. Ke2 Qc4+ 17. Qd3 Qxa2 18. Bg2 f5 19. gxf5 exf5 20. Qb3 Qxb3 21. cxb3 O-O 22. Be5 a6 23. Rhg1 Nf6 24. h6 g6 25. Bh3 Kf7 26. Ra1 Ne4 27. Bg2 Rfe8 28. Bxe4 dxe4 29. Ra5 Rad8 30. Ra4 Rd5 31. Rb4 Re7 32. Rc1 c5 33. Rb6 cxd4 34. Bxd4 Ke8 35. Rc8+ Rd8 36. Rxd8+ Kxd8 37. Bf6 1-0

[Event "11th LCC Super Blitz 2019"]
[Site "London"]
[Date "2019.12.08"]
[Round "7.8"]
[White "Bird, Joel"]
[Black "Van Hoof, Alexander"]
[Result "1-0"]
[ECO "B15"]
[WhiteElo "2009"]
[BlackElo "1968"]
[Annotator "NA"]
[PlyCount "53"]
[EventDate "2019.12.08"]
[EventType "swiss"]
[EventCountry "ENG"]
[SourceTitle "playchess.com"]
[Source "ChessBase"]
[SourceQuality "1"]
[TimeControl "180+2"]

1. e4 c6 2. d4 d5 3. Nc3 dxe4 4. Nxe4 Nf6 5. Nxf6+ exf6 6. c3 Be7 7. Bd3 Be6 8. Bf4 Nd7 9. Qd2 Nb6 10. Ne2 Nd5 11. Bg3 h5 12. Nf4 Nxf4 13. Bxf4 g5 14. Be3 f5 15. f4 g4 16. O-O h4 17. Rfe1 Qc7 18. Qc2 Qd7 19. a4 Rc8 20. Rad1 Kf8 21. Kh1 h3 22. g3 Qd5+ 23. Kg1 c5 24. c4 cxd4 25. cxd5 Rxc2 26. Bxc2 dxe3 27. dxe6 1-0

[Event "11th LCC Super Blitz 2019"]
[Site "London"]
[Date "2019.12.08"]
[Round "7.8"]
[White "Sheikh, Anum"]
[Black "Rahman, Asad"]
[Result "0-1"]
[ECO "A25"]
[WhiteElo "1560"]
[BlackElo "1923"]
[Annotator "NA"]
[PlyCount "75"]
[EventDate "2019.12.08"]
[EventType "swiss"]
[EventCountry "ENG"]
[SourceTitle "playchess.com"]
[Source "ChessBase"]
[SourceQuality "1"]
[TimeControl "180+2"]

1. c4 e5 2. g3 Nc6 3. Bg2 Bc5 4. e3 d6 5. Nc3 f5 6. Nge2 a6 7. O-O Nf6 8. d4 Ba7 9. Nd5 O-O 10. a3 Bd7 11. b4 Nxd5 12. cxd5 Ne7 13. dxe5 dxe5 14. d6 Nc6 15. dxc7 Qxc7 16. Bb2 Rad8 17. Qb3+ Kh8 18. Rac1 Qb8 19. Rfd1 f4 20. exf4 Bg4 21. Rxd8 Rxd8 22. Nc3 exf4 23. Ne4 Nd4 24. Bxd4 Bxd4 25. Bf3 Bf5 26. Bg2 fxg3 27. hxg3 Qa7 28. Nc5 h6 29. Qf7 Bh7 30. Ne6 Rg8 31. Rc8 Bxf2+ 32. Kh1 Bd4 33. Rxg8+ Bxg8 34. Qf5 Bf6 35. Be4 Qe3 36. Nf8 Qe1+ 37. Kh2 Qd2+ 38. Kh1 0-1

[Event "11th LCC Super Blitz 2019"]
[Site "London"]
[Date "2019.12.08"]
[Round "7.9"]
[White "Onslow, Teddy"]
[Black "Davis, Holden"]
[Result "0-1"]
[ECO "B50"]
[WhiteElo "1647"]
[BlackElo "1769"]
[Annotator "NA"]
[PlyCount "143"]
[EventDate "2019.12.08"]
[EventType "swiss"]
[EventCountry "ENG"]
[SourceTitle "playchess.com"]
[Source "ChessBase"]
[SourceQuality "1"]
[TimeControl "180+2"]

1. e4 c5 2. Nf3 d6 3. c3 Nf6 4. h3 Nc6 5. Bd3 e6 6. Bc2 Be7 7. d4 cxd4 8. cxd4 Nb4 9. Ba4+ Bd7 10. Bxd7+ Qxd7 11. Nc3 O-O 12. a3 Nc6 13. O-O a6 14. Bf4 Rac8 15. Rc1 b5 16. b4 Rfd8 17. d5 Na7 18. dxe6 fxe6 19. e5 Ne8 20. exd6 Bxd6 21. Bxd6 Qxd6 22. Qxd6 Nxd6 23. Rfe1 Re8 24. Ne5 Nc6 25. Nxc6 Rxc6 26. Nb1 Nc4 27. Nd2 Rec8 28. Nxc4 bxc4 29. Re3 Kf7 30. Rec3 e5 31. Kf1 Kf6 32. Ke2 a5 33. b5 Rc5 34. a4 g5 35. g4 h5 36. f3 hxg4 37. hxg4 Ke6 38. Ke3 Kf6 39. Rd1 Ke6 40. Ke4 Rf8 41. Rdc1 Rfc8 42. Rh1 Rf8 43. Rh6+ Rf6 44. Rh5 Rg6 45. Rh1 Rg8 46. Rhc1 Rgc8 47. Re3 Rd5 48. Rec3 Rd4+ 49. Ke3 Kd5 50. R3c2 Kc5 51. Rb1 Rf8 52. Kf2 Rd3 53. b6 Rdxf3+ 54. Kg2 R3f7 55. b7 Rb8 56. Rbc1 Rfxb7 57. Rxc4+ Kd6 58. Rc6+ Kd7 59. R1c2 Rb2 60. Kf3 Rxc2 61. Rxc2 Rb3+ 62. Kg2 Rb4 63. Rc5 Rxg4+ 64. Kf3 Rxa4 65. Rxe5 g4+ 66. Kg3 Kd6 67. Rg5 Ra3+ 68. Kxg4 Kc6 69. Rf5 Kb6 70. Kf4 Rd3 71. Ke4 Rd8 72. Ke5 0-1

[Event "11th LCC Super Blitz 2019"]
[Site "London"]
[Date "2019.12.08"]
[Round "7.10"]
[White "Joslin, Tim"]
[Black "Bergner, Matthias"]
[Result "1-0"]
[ECO "C11"]
[WhiteElo "1822"]
[BlackElo "1632"]
[Annotator "NA"]
[PlyCount "27"]
[EventDate "2019.12.08"]
[EventType "swiss"]
[EventCountry "ENG"]
[SourceTitle "playchess.com"]
[Source "ChessBase"]
[SourceQuality "1"]
[TimeControl "180+2"]

1. e4 e6 2. Nf3 d5 3. Nc3 Nf6 4. e5 Nfd7 5. d4 c5 6. dxc5 Bxc5 7. Bd3 Nc6 8. Bf4 Qc7 9. O-O O-O 10. Bxh7+ Kxh7 11. Ng5+ Kg6 12. Qg4 Ncxe5 13. Qg3 Qd6 14. Nge4+ 1-0

[Event "11th LCC Super Blitz 2019"]
[Site "London"]
[Date "2019.12.08"]
[Round "7.10"]
[White "Watson, Mikey J"]
[Black "Vaidya, Raghav"]
[Result "0-1"]
[ECO "A03"]
[WhiteElo "1748"]
[BlackElo "1467"]
[Annotator "NA"]
[PlyCount "89"]
[EventDate "2019.12.08"]
[EventType "swiss"]
[EventCountry "ENG"]
[SourceTitle "playchess.com"]
[Source "ChessBase"]
[SourceQuality "1"]
[TimeControl "180+2"]

1. b3 d5 2. Bb2 c5 3. e3 Nc6 4. Bb5 Qc7 5. Nf3 Nf6 6. O-O g6 7. Ne5 Bg7 8. Bxc6+ bxc6 9. f4 O-O 10. d3 Nd7 11. d4 f6 12. Nxd7 Bxd7 13. dxc5 e5 14. Nd2 Rad8 15. Qe2 Bf5 16. c4 Rfe8 17. cxd5 cxd5 18. b4 h5 19. fxe5 fxe5 20. Nf3 d4 21. exd4 exd4 22. Qc4+ Be6 23. Qa6 d3 24. Bxg7 Kxg7 25. Ng5 Bf5 26. Rxf5 gxf5 27. Ne6+ Rxe6 28. Qxe6 d2 29. Rd1 Rd3 30. Qxf5 Qd8 31. Qe5+ Kg8 32. Qe6+ Kg7 33. Qe5+ Kg8 34. Qxh5 Qd4+ 35. Kh1 Re3 36. Qg5+ Kf7 37. Qf5+ Ke7 38. Qg5+ Kd7 39. Qf5+ Kc6 40. Qc8+ Kb5 41. Qb7+ Kc4 42. Qa6+ Kc3 43. Qf1 Qd3 44. Qf6+ Kc2 45. Qa1 0-1

[Event "11th LCC Super Blitz 2019"]
[Site "London"]
[Date "2019.12.08"]
[Round "7.11"]
[White "Iyengar, Ilya"]
[Black "Pham, Catherine"]
[Result "1-0"]
[ECO "C02"]
[WhiteElo "1984"]
[BlackElo "1280"]
[Annotator "NA"]
[PlyCount "88"]
[EventDate "2019.12.08"]
[EventType "swiss"]
[EventCountry "ENG"]
[SourceTitle "playchess.com"]
[Source "ChessBase"]
[SourceQuality "1"]
[TimeControl "180+2"]

1. e4 e6 2. d4 d5 3. e5 c5 4. Nf3 Qb6 5. Nc3 Nc6 6. Na4 Qa5+ 7. c3 c4 8. b4 cxb3 9. Qxb3 Qc7 10. Bd2 Bd7 11. Nb2 Na5 12. Qc2 Ne7 13. Bd3 Ng6 14. h4 Nc4 15. Nxc4 dxc4 16. Be4 Bc6 17. h5 Bxe4 18. Qxe4 Ne7 19. O-O Qc6 20. Ng5 Qxe4 21. Nxe4 Nd5 22. Rab1 b6 23. f4 g6 24. hxg6 hxg6 25. Kf2 Rh4 26. Rh1 Be7 27. Rxh4 Bxh4+ 28. g3 Be7 29. Rh1 Kd7 30. Ke2 Rf8 31. g4 f5 32. exf6 Nxf6 33. Nxf6+ Bxf6 34. Rh7+ Kd6 35. g5 Be7 36. Rg7 a5 37. Rxg6 b5 38. a3 Kd7 39. Bc1 b4 40. axb4 axb4 41. cxb4 Bxb4 42. Bd2 c3 43. Bc1 Rc8 44. Kd3 c2 1-0

[Event "11th LCC Super Blitz 2019"]
[Site "London"]
[Date "2019.12.08"]
[Round "7.12"]
[White "Nunn, Petra"]
[Black "Fisher, Neal"]
[Result "1-0"]
[ECO "C41"]
[WhiteElo "1908"]
[BlackElo "1522"]
[Annotator "NA"]
[PlyCount "79"]
[EventDate "2019.12.08"]
[EventType "swiss"]
[EventCountry "ENG"]
[SourceTitle "playchess.com"]
[Source "ChessBase"]
[SourceQuality "1"]
[TimeControl "180+2"]

1. e4 d6 2. Nf3 Nf6 3. Nc3 Nbd7 4. d4 e5 5. d5 Be7 6. Bg5 h6 7. Bh4 c6 8. Bc4 Qc7 9. Bb3 Nf8 10. a4 a5 11. O-O Bg4 12. Qd3 g5 13. Bg3 Ng6 14. h3 Bd7 15. Nd2 g4 16. hxg4 Nxg4 17. dxc6 bxc6 18. Ne2 Bg5 19. Nf3 Nf4 20. Bxf4 Bxf4 21. Nxf4 exf4 22. Nd4 h5 23. Rae1 h4 24. Qc4 Rh7 25. Nf5 Be6 26. Qd3 Kd7 27. e5 d5 28. Nd6 Rah8 29. Qf3 h3 30. gxh3 Rxh3 31. Qxf4 Rh1+ 32. Kg2 R8h2+ 33. Kf3 Rh3+ 34. Ke2 R1h2 35. Kd1 Rh4 36. Nxf7 Nxf2+ 37. Qxf2 Rxf2 38. Rxf2 Bxf7 39. Rxf7+ Kd8 40. Rxc7 1-0

[Event "11th LCC Super Blitz 2019"]
[Site "London"]
[Date "2019.12.08"]
[Round "7.12"]
[White "Dhemrait, Jagdeep"]
[Black "Muhunthan, Charukgan"]
[Result "1-0"]
[ECO "B23"]
[WhiteElo "1834"]
[BlackElo "1401"]
[Annotator "NA"]
[PlyCount "48"]
[EventDate "2019.12.08"]
[EventType "swiss"]
[EventCountry "ENG"]
[SourceTitle "playchess.com"]
[Source "ChessBase"]
[SourceQuality "1"]
[TimeControl "180+2"]

1. e4 c5 2. Nc3 d6 3. f4 Nc6 4. Nf3 g6 5. Bb5 Bd7 6. Bxc6 Bxc6 7. O-O Bg7 8. d3 Nf6 9. f5 O-O 10. Qe1 Nd7 11. Qh4 e5 12. Bg5 f6 13. fxg6 hxg6 14. Bh6 Qe7 15. Bxg7 Qxg7 16. Qg4 f5 17. Qg3 Nb6 18. Nh4 Rf6 19. exf5 gxf5 20. Qxg7+ Kxg7 21. Nxf5+ Kh8 22. Ne4 Bxe4 23. dxe4 Rg8 24. Rf3 Rg5 1-0

[Event "11th LCC Super Blitz 2019"]
[Site "London"]
[Date "2019.12.08"]
[Round "7.14"]
[White "Sandhu, Manvith"]
[Black "Patel, Zain"]
[Result "1-0"]
[ECO "B53"]
[WhiteElo "1673"]
[BlackElo "1253"]
[Annotator "NA"]
[PlyCount "67"]
[EventDate "2019.12.08"]
[EventType "swiss"]
[EventCountry "ENG"]
[SourceTitle "playchess.com"]
[Source "ChessBase"]
[SourceQuality "1"]
[TimeControl "180+2"]

1. e4 c5 2. Nf3 d6 3. d4 cxd4 4. Qxd4 Nf6 5. Nc3 a6 6. Be3 Nc6 7. Qb6 Qxb6 8. Bxb6 Nb4 9. O-O-O e5 10. a3 Nc6 11. Bc4 Be7 12. Rhe1 O-O 13. Bc7 Ne8 14. Bb6 Bg4 15. Nd5 Rc8 16. Nxe7+ Nxe7 17. Bb3 Rc6 18. Be3 Nc7 19. Ba4 b5 20. Bb3 a5 21. h3 Be6 22. Bxe6 fxe6 23. Rd3 b4 24. axb4 axb4 25. Red1 b3 26. Rxb3 d5 27. Nxe5 Rd6 28. Bc5 Ra6 29. Bxe7 Rxf2 30. Ra3 Rb6 31. Rc3 Ra6 32. Ba3 Nb5 33. Rc8+ Rf8 34. Rxf8# 1-0

[Event "11th LCC Super Blitz 2019"]
[Site "London"]
[Date "2019.12.08"]
[Round "8.1"]
[White "Howell, David Wl"]
[Black "Stoyanov, Viktor"]
[Result "1-0"]
[ECO "A48"]
[WhiteElo "2650"]
[BlackElo "2191"]
[Annotator "ChessBase"]
[PlyCount "59"]
[EventDate "2019.12.08"]
[EventType "swiss"]
[EventCountry "ENG"]
[SourceTitle "playchess.com"]
[Source "ChessBase"]
[SourceQuality "1"]
[TimeControl "180+2"]

1. d4 Nf6 2. Bf4 g6 3. e3 Bg7 4. Nd2 O-O 5. Ngf3 d6 6. h3 b6 7. a4 a6 8. Bc4 Bb7 9. Qe2 c5 10. c3 Nbd7 11. O-O d5 12. Bd3 Ne4 13. Rfd1 Rc8 14. Bxa6 Bxa6 15. Qxa6 c4 16. Nxe4 dxe4 17. Nd2 Ra8 18. Qxc4 e5 19. dxe5 Nxe5 20. Bxe5 Bxe5 21. Qxe4 Qc7 22. Nf3 Bg7 23. Rd5 Rfe8 24. Qd3 Qc6 25. Qb5 Qf6 26. Rad1 h6 27. Rd6 Qe7 28. Rxb6 Rad8 29. Rxd8 Rxd8 30. Rb8 1-0

[Event "11th LCC Super Blitz 2019"]
[Site "London"]
[Date "2019.12.08"]
[Round "8.2"]
[White "Pert, Nicholas"]
[Black "Van Zyl-Rudd, Jack"]
[Result "1-0"]
[ECO "D41"]
[WhiteElo "2560"]
[BlackElo "2290"]
[Annotator "ChessBase"]
[PlyCount "133"]
[EventDate "2019.12.08"]
[EventType "swiss"]
[EventCountry "ENG"]
[SourceTitle "playchess.com"]
[Source "ChessBase"]
[SourceQuality "1"]
[TimeControl "180+2"]

1. d4 d5 2. c4 e6 3. Nf3 Nf6 4. Nc3 c5 5. cxd5 Nxd5 6. e4 Nxc3 7. bxc3 cxd4 8. cxd4 Bb4+ 9. Bd2 Bxd2+ 10. Qxd2 O-O 11. Bc4 Nd7 12. O-O b6 13. Rfe1 Bb7 14. Rad1 Rc8 15. Bb3 Re8 16. h3 Nf6 17. Qf4 Nh5 18. Qh2 h6 19. Ne5 b5 20. d5 exd5 21. exd5 Qd6 22. Ng4 Qxh2+ 23. Kxh2 Rxe1 24. Rxe1 Rd8 25. Rd1 Rd6 26. Ne3 g6 27. a4 bxa4 28. Bxa4 Nf6 29. Bb3 a5 30. Ra1 Ra6 31. Bc4 Ra7 32. d6 Bc6 33. Rb1 Bd7 34. Nc2 a4 35. Na3 Ne4 36. Rb6 Kg7 37. f3 Nc5 38. Kg3 Kf6 39. Kf4 g5+ 40. Ke3 Ke5 41. g3 Be6 42. f4+ gxf4+ 43. gxf4+ Kf5 44. Be2 Rd7 45. Bb5 Ra7 46. Rc6 Nd7 47. Rc7 Rxc7 48. dxc7 Nb6 49. Bd3+ Kf6 50. Kd4 Ke7 51. Kc5 Nc8 52. Bb5 Nd6 53. Bxa4 Ne4+ 54. Kb6 Nd6 55. Nb5 Nc8+ 56. Kb7 Bxh3 57. Na7 Nxa7 58. Kxa7 Bc8 59. Kb8 Be6 60. Bb3 Bd7 61. Ba4 Be6 62. c8=Q Bxc8 63. Kxc8 h5 64. Kc7 h4 65. Bd7 Kf6 66. Kd6 Kg6 67. Bh3 1-0

[Event "11th LCC Super Blitz 2019"]
[Site "London"]
[Date "2019.12.08"]
[Round "8.2"]
[White "Beinoras, Mindaugas"]
[Black "Grover, Sahaj"]
[Result "0-1"]
[ECO "A45"]
[WhiteElo "2401"]
[BlackElo "2486"]
[Annotator "ChessBase"]
[PlyCount "50"]
[EventDate "2019.12.08"]
[EventType "swiss"]
[EventCountry "ENG"]
[SourceTitle "playchess.com"]
[Source "ChessBase"]
[SourceQuality "1"]
[TimeControl "180+2"]

1. d4 Nf6 2. Bg5 Ne4 3. Bh4 d5 4. f3 Nf6 5. Nc3 c5 6. e4 dxe4 7. d5 Qb6 8. Bb5+ Bd7 9. a4 a6 10. a5 Qc7 11. Bc4 e6 12. dxe6 Bxe6 13. Bxe6 fxe6 14. fxe4 Nbd7 15. Nf3 O-O-O 16. Qe2 Bd6 17. Ng5 Nf8 18. Nf3 Ng6 19. Bg5 h6 20. Be3 Ne5 21. Nd2 Nfg4 22. Bf4 Rhf8 23. Bxe5 Nxe5 24. Nc4 Nxc4 25. Qxc4 Bg3+ 0-1

[Event "11th LCC Super Blitz 2019"]
[Site "London"]
[Date "2019.12.08"]
[Round "8.2"]
[White "Stepanyan, Henrik"]
[Black "Bukojemski, Adam"]
[Result "1-0"]
[ECO "D90"]
[WhiteElo "2193"]
[BlackElo "2219"]
[Annotator "NA"]
[PlyCount "97"]
[EventDate "2019.12.08"]
[EventType "swiss"]
[EventCountry "ENG"]
[SourceTitle "playchess.com"]
[Source "ChessBase"]
[SourceQuality "1"]
[TimeControl "180+2"]

1. d4 Nf6 2. c4 g6 3. Nc3 d5 4. cxd5 Nxd5 5. Bd2 Bg7 6. e4 Nb6 7. Be3 O-O 8. Be2 Nc6 9. Nf3 Bg4 10. d5 Bxf3 11. gxf3 Ne5 12. Bd4 c6 13. f4 Ned7 14. Bxg7 Kxg7 15. dxc6 bxc6 16. Qd4+ Nf6 17. O-O-O Qc7 18. e5 Nfd5 19. Nxd5 Nxd5 20. Kb1 Qb6 21. h4 Rab8 22. Qxb6 Rxb6 23. Rd2 Nxf4 24. Bf3 h5 25. Rc1 Rc8 26. Rd7 e6 27. Rd6 c5 28. Rd7 c4 29. Rd4 c3 30. Rxf4 Rxb2+ 31. Ka1 Rxf2 32. Bb7 Rxf4 33. Bxc8 Rc4 34. Ba6 Rc6 35. Bd3 f5 36. exf6+ Kxf6 37. Kb1 g5 38. Rf1+ Ke5 39. hxg5 Kd4 40. Kc2 Rb6 41. Rf4+ Ke3 42. Re4+ Kf3 43. Rh4 e5 44. g6 Rb8 45. Rxh5 e4 46. Rf5+ Ke3 47. Re5 Rb2+ 48. Kxc3 Rxa2 49. Rxe4+ 1-0

[Event "11th LCC Super Blitz 2019"]
[Site "London"]
[Date "2019.12.08"]
[Round "8.3"]
[White "Aravindh, Chithambaram Vr"]
[Black "Roberson, Peter T"]
[Result "1-0"]
[ECO "A62"]
[WhiteElo "2560"]
[BlackElo "2282"]
[Annotator "ChessBase"]
[PlyCount "63"]
[EventDate "2019.12.08"]
[EventType "swiss"]
[EventCountry "ENG"]
[SourceTitle "playchess.com"]
[Source "ChessBase"]
[SourceQuality "1"]
[TimeControl "180+2"]

1. d4 Nf6 2. c4 e6 3. Nf3 c5 4. d5 d6 5. Nc3 exd5 6. cxd5 g6 7. g3 Bg7 8. Bg2 O-O 9. O-O Nbd7 10. Nd2 Ng4 11. Nc4 Nde5 12. Nxe5 Nxe5 13. Bf4 a6 14. a4 Rb8 15. Qc1 b5 16. axb5 axb5 17. Bh6 b4 18. Nd1 Bd7 19. Bxg7 Kxg7 20. f4 Ng4 21. h3 Nf6 22. e4 Re8 23. Nf2 Bb5 24. Re1 c4 25. Qd2 Nh5 26. Qxb4 Qf6 27. Qd2 Nxg3 28. Ng4 Qh4 29. Qd4+ f6 30. Ra7+ Kh8 31. Qxf6+ Qxf6 32. Nxf6 1-0

[Event "11th LCC Super Blitz 2019"]
[Site "London"]
[Date "2019.12.08"]
[Round "8.3"]
[White "Maze, Sebastien"]
[Black "Rowson, Jonathan"]
[Result "1/2-1/2"]
[ECO "D15"]
[WhiteElo "2549"]
[BlackElo "2561"]
[Annotator "ChessBase"]
[PlyCount "142"]
[EventDate "2019.12.08"]
[EventType "swiss"]
[EventCountry "ENG"]
[SourceTitle "playchess.com"]
[Source "ChessBase"]
[SourceQuality "1"]
[TimeControl "180+2"]

1. Nf3 d5 2. e3 Nf6 3. c4 c6 4. Nc3 a6 5. d4 b5 6. c5 Bg4 7. h3 Bxf3 8. gxf3 g6 9. f4 a5 10. Nxb5 cxb5 11. Bxb5+ Nbd7 12. c6 Bg7 13. cxd7+ Nxd7 14. Bc6 Rb8 15. Bxd5 O-O 16. O-O a4 17. Bg2 Nb6 18. Bd2 Nc4 19. Bc3 Qd7 20. b3 Nd6 21. bxa4 Rfc8 22. Bd2 Nf5 23. Rb1 Nh4 24. Rxb8 Rxb8 25. Qg4 Nf5 26. Rc1 Qxa4 27. Qd1 Qxa2 28. Ra1 Qb2 29. Ra8 Rxa8 30. Bxa8 e6 31. Qc1 Qb8 32. Be4 Nd6 33. Bf3 Bf8 34. Bc3 Nf5 35. d5 Nh4 36. Bh1 exd5 37. Bf6 Nf5 38. Bxd5 Qd6 39. Qc6 Qxc6 40. Bxc6 Be7 41. Bc3 Kf8 42. Bd5 Bd6 43. Kf1 Ne7 44. Bb3 Nc6 45. Ke2 Ke7 46. Kf3 Bb4 47. Bb2 Na5 48. Bd5 f5 49. Bg8 h6 50. Bd5 Kd6 51. Bf7 g5 52. Be5+ Ke7 53. Bd5 Bd6 54. Ke2 gxf4 55. exf4 Bc5 56. f3 Bb6 57. Kd3 Kd7 58. Bd4 Bxd4 59. Kxd4 Kd6 60. h4 h5 61. Bf7 Nc6+ 62. Ke3 Ke7 63. Bxh5 Nd8 64. Bg6 Kf6 65. Be8 Ne6 66. Bd7 Ng7 67. Bc8 Nh5 68. Bd7 Ng7 69. Bb5 Nh5 70. Bd3 Ng7 71. Bc4 Nh5 1/2-1/2

[Event "11th LCC Super Blitz 2019"]
[Site "London"]
[Date "2019.12.08"]
[Round "8.3"]
[White "Klingher, Dominic"]
[Black "Arkell, Keith C"]
[Result "1-0"]
[ECO "A00"]
[WhiteElo "2071"]
[BlackElo "2453"]
[Annotator "ChessBase"]
[PlyCount "67"]
[EventDate "2019.12.08"]
[EventType "swiss"]
[EventCountry "ENG"]
[SourceTitle "playchess.com"]
[Source "ChessBase"]
[SourceQuality "1"]
[TimeControl "180+2"]

1. e4 d5 2. Nc3 dxe4 3. Nxe4 Nf6 4. Qe2 Nxe4 5. Qxe4 c6 6. Bc4 Nd7 7. Nf3 Nf6 8. Qe2 e6 9. d4 Be7 10. Bg5 Qa5+ 11. c3 O-O 12. O-O Qc7 13. Ne5 b6 14. Rae1 c5 15. Bd3 Bb7 16. dxc5 Qxc5 17. Bxf6 Bxf6 18. Nd7 Qc6 19. Nxf6+ gxf6 20. Qg4+ Kh8 21. Be4 Qc7 22. Qh4 f5 23. Qf6+ Kg8 24. Bxb7 Qxb7 25. Re3 f4 26. Re5 h6 27. Rh5 Qe4 28. Qxh6 f6 29. Qh8+ Kf7 30. Rh7+ Ke8 31. Qg7 Qxh7 32. Qxh7 Rd8 33. Re1 Rf7 34. Rxe6+ 1-0

[Event "11th LCC Super Blitz 2019"]
[Site "London"]
[Date "2019.12.08"]
[Round "8.4"]
[White "Orlovska, Madara"]
[Black "Wallace, John Paul"]
[Result "0-1"]
[ECO "B07"]
[WhiteElo "2072"]
[BlackElo "2344"]
[Annotator "NA"]
[PlyCount "64"]
[EventDate "2019.12.08"]
[EventType "swiss"]
[EventCountry "ENG"]
[SourceTitle "playchess.com"]
[Source "ChessBase"]
[SourceQuality "1"]
[TimeControl "180+2"]

1. d4 Nf6 2. Nc3 d6 3. e4 Nbd7 4. Be3 e5 5. d5 g6 6. f3 Bg7 7. Qd2 a6 8. g4 h5 9. gxh5 Nxh5 10. Nce2 Qh4+ 11. Bf2 Qf6 12. h4 Bh6 13. Be3 Bxe3 14. Qxe3 Nf4 15. Qf2 Nc5 16. Nxf4 Qxf4 17. Ne2 Qh6 18. b4 Na4 19. f4 exf4 20. Qxf4 Qg7 21. Rb1 Bd7 22. c4 O-O-O 23. Bh3 f5 24. Kd2 Rhe8 25. Ng3 Qc3+ 26. Kd1 Qd3+ 27. Kc1 Qxc4+ 28. Kd1 Qd3+ 29. Kc1 Qc3+ 30. Kd1 Nb2+ 31. Rxb2 Qxb2 32. exf5 Ba4# {[%emt 0:00:11] Qd4} 0-1

[Event "11th LCC Super Blitz 2019"]
[Site "London"]
[Date "2019.12.08"]
[Round "8.4"]
[White "Zulfic, Fedja"]
[Black "Cox, John J"]
[Result "1-0"]
[ECO "A61"]
[WhiteElo "2032"]
[BlackElo "2346"]
[Annotator "NA"]
[PlyCount "69"]
[EventDate "2019.12.08"]
[EventType "swiss"]
[EventCountry "ENG"]
[SourceTitle "playchess.com"]
[Source "ChessBase"]
[SourceQuality "1"]
[TimeControl "180+2"]

1. d4 Nf6 2. Nf3 c5 3. d5 e6 4. c4 exd5 5. cxd5 d6 6. Nc3 g6 7. h3 Bg7 8. e4 a6 9. a4 Nbd7 10. Bf4 Qe7 11. Bd3 Nh5 12. Bh2 Ne5 13. Be2 Rb8 14. O-O Nxf3+ 15. Bxf3 Nf6 16. e5 dxe5 17. Bxe5 Ra8 18. d6 Qd8 19. Nd5 O-O 20. Ne7+ Kh8 21. Rc1 Nd7 22. Bxg7+ Kxg7 23. Qb3 Rb8 24. Rfd1 Ne5 25. Qc3 f6 26. Be2 Bd7 27. f4 Nf7 28. g4 Bxa4 29. g5 Nxd6 30. gxf6+ Rxf6 31. Nd5 Bxd1 32. Rxd1 Ne4 33. Qe5 Ng3 34. Bc4 Nf5 35. Bb3 1-0